 Dungeon Crawl Stone Soup version 0.31.0-4-g52a2dc7128 (webtiles) character file.

Game seed: 9973134865201157060

262 MollyMolluskus the Ruffian (level 6, -2/43 HPs)
             Began as an Octopode Fighter on Jan 21, 2024.
             Slain by Edmund
             ... wielding a +8 heavy flail
              (16 damage)
             ... on level 4 of the Dungeon on Jan 22, 2024.
             The game lasted 00:05:45 (3072 turns).

MollyMolluskus the Ruffian (Octopode Fighter)       Turns: 3072, Time: 00:05:45

Health: -2/43      AC:  1    Str: 17    XL:     6   Next: 18%
Magic:  0/6        EV: 13    Int: 10    God:
Gold:   716        SH:  4    Dex: 12    Spells: 5/5 levels left

rFire   . .          .
                       - Unarmed
rCold   . . .        a - +0 buckler
rNeg    + . .        (helmet restricted)
rPois   .            f - amulet of guardian spirit
rElec   .            d - ring of see invisible
rCorr   .            k - ring of positive energy
SInv    +            (no ring)
Will    .....        (no ring)
Stlth   +++          (no ring)
HPRegen 0.27/turn    (no ring)
MPRegen 0.10/turn    (no ring)
                     (no ring)

%: guardian spirit
@: no status effects
A: almost no armour, amphibious, 8 rings, camouflage 1, gelatinous body 1,
(nimble swimmer 1), tentacles
a: no special abilities


You were on level 4 of the Dungeon.
You visited 1 branch of the dungeon, and saw 4 of its levels.

You collected 716 gold pieces.

Inventory:

Missiles
 g - 8 poisoned darts
 i - 5 boomerangs (quivered)
Armour
 a - a +0 buckler (worn)
Jewellery
 d - a ring of see invisible (left tentacle)
 f - an amulet of guardian spirit (around mantle)
 k - a ring of positive energy (right tentacle)
 l - an amulet of reflection
 m - a +6 ring of intelligence
Potions
 b - a potion of might
 c - 2 potions of curing
 e - 2 potions of attraction
 h - a potion of enlightenment {unknown}
 j - 3 potions of heal wounds {unknown}


   Skills:
 + Level 3.8 Fighting
 + Level 3.8 Dodging
 + Level 3.0 Stealth
 + Level 3.8 Shields
 * Level 4.0 Unarmed Combat


You had 5 spell levels left.
You didn't know any spells.
Your spell library contained the following spells:

 Spells                   Type           Power      Damage    Failure   Level
 Hailstorm                Conj/Ice       0%         3d5       82%         3
 Summon Ice Beast         Ice/Summ       0%         N/A       82%         3
 Vhi's Electric Charge    Tloc/Air       0%         N/A       99%         4
 Arcjolt                  Conj/Air       0%         1d10      100%        5
 Sculpt Simulacrum        Ice/Alch       0%         N/A       100%        6
 Maxwell's Capacitive Co  Air            0%         ∞         100%        8


Dungeon Overview and Level Annotations

Branches:
Dungeon (4/15)
 Temple: D:4-7

Altars:
Ashenzari
Yredelemnul

Annotations:
D:4 Edmund


Innate Abilities, Weirdness & Mutations

You cannot wear most types of armour.
You are amphibious.
You can wear up to eight rings at the same time.
Your skin changes colour to match your surroundings (Stealth+).
Your rubbery body absorbs attacks. (AC +1, EV +1)
((You are camouflaged when in or above water. (Stealth+)))
You have tentacles for arms and can constrict up to eight enemies at once.


Message History

You feel very sick.
You start resting.
You feel very sick.
You start resting.
* * * LOW HITPOINT WARNING * * *
You feel very sick.
You start resting.
* * * LOW HITPOINT WARNING * * *
You feel sick.
You start resting.
* * * LOW HITPOINT WARNING * * *
You feel sick.
You start resting.
* * * LOW HITPOINT WARNING * * *
You feel sick.
You start resting.
You feel sick. x6
You are no longer poisoned.
You start resting.
Magic restored.
A hound comes into view.
HP restored.
Edmund and a hobgoblin come into view.
Edmund is wielding a +8 heavy flail.
Found a glowing scarf.
You tentacle-slap Edmund. You grab Edmund.
Edmund is lightly wounded.
You constrict Edmund. Edmund hits you with a +8 heavy flail!
You tentacle-slap Edmund but do no damage.
Edmund is lightly wounded.
You constrict Edmund. Edmund hits you with a +8 heavy flail!!
Ouch! That really hurt!
* * * LOW HITPOINT WARNING * * *
You feel better.
You constrict Edmund. You tentacle-slap Edmund.
Edmund is moderately wounded.
You constrict Edmund. You block Edmund's attack.
You tentacle-slap Edmund. x2; You squeeze Edmund, but do no damage.
Edmund is moderately wounded.
You constrict Edmund. Edmund hits you with a +8 heavy flail!!
You die...
Edmund whines, "They better pay attention to me now!"

##### ######### ....##
#.....(.# ###..#####
#.......#
..##.....#####.......#
....####...........g.#
....# #######.......#
.#.... #.....^.#.[ .##..##.
##..@@.....#
..##.##.##...........###
#.##..#.##.###..........
..###..... .....#####.##
...#......####..####..#####
.#...#.....###....##......#
.....# #...#...##.##......#
...#.# #........#.........#
...#.###...####....<......#


You could see Edmund and a hobgoblin.

Vanquished Creatures
  2 scorpions (D:4)
  A hound (D:4)
  5 adders
  2 dart slugs
  A ribbon worm (D:3)
  4 ball pythons
  5 endoplasms
  A giant cockroach (D:1)
  3 goblins
  13 hobgoblins
  7 jackals
  3 quokkas
  7 bats
  4 frilled lizards
  11 kobolds
  4 rats (D:1)
73 creatures vanquished.

Notes
Turn   | Place    | Note
-------+----------+-------------------------------------------
     0 | D:1      | MollyMolluskus the Octopode Fighter began the quest for the
                  | Orb.
     0 | D:1      | Reached XP level 1. HP: 16/16 MP: 1/1
   102 | D:1      | Reached XP level 2. HP: 20/21 MP: 2/2
   569 | D:1      | Reached skill level 1 in Stealth
   705 | D:1      | Reached XP level 3. HP: 26/26 MP: 3/3
  1135 | D:2      | Identified a scroll of acquirement
  1135 | D:2      | Acquired 582 gold pieces
  1609 | D:2      | Reached XP level 4. HP: 28/31 MP: 4/4
  1725 | D:2      | Reached skill level 3 in Unarmed Combat
  2117 | D:3      | Found a basalt altar of Yredelemnul.
  2119 | D:3      | Found a broken altar of Ashenzari.
  2727 | D:3      | Reached XP level 5. HP: 36/36 MP: 5/5
  2898 | D:4      | Reached skill level 4 in Unarmed Combat
  2898 | D:4      | Reached XP level 6. HP: 23/43 MP: 4/6
  2909 | D:4      | HP: 2/43 [poisoned by a scorpion]
  3064 | D:4      | Noticed Edmund
  3072 | D:4      | Slain by Edmund

Illustrated notes

Levels and vault maps discovered:
D:1:      minmay_arrival_semitransparent, layout_basic
D:2:      layout_loops_corners
D:3:      layout_rooms, nicolae_overflow_hidden_temple, roderic_roman_lattice,
          minmay_quantized
D:4:      layout_rooms, uniq_edmund

Skill      XL: |  1  2  3  4  5 |
---------------+----------------+-----
Stealth        | 1 2 3 |  3.0
Unarmed Combat | 3 4 |  4.0
Fighting       | |  3.8
Dodging        | |  3.8
Shields        | |  3.8

Action                     |  1- 3 |  4- 6 || total
---------------------------+-------+-------++-------
  Melee: Unarmed           |    87 |    87 ||   174
         Constrict         |    21 |    20 ||    41
         Tentacles         |    14 |    15 ||    29
         Punch             |     2 |     4 ||     6
    Use: Scroll            |     4 |     3 ||     7
         Potion            |       |     1 ||     1
   Stab: Sleeping          |     5 |     9 ||    14
 Armour: Skin              |    31 |    30 ||    61
  Dodge: Dodged            |    34 |    42 ||    76
  Block: Buckler           |    21 |    14 ||    35
